 Dungeon Crawl Stone Soup version 0.16-a0-1885-g0f03bb0 (webtiles) character file.

10695 shklvsk the Cleaver (level 11, -8/84 HPs)
             Began as a Demonspawn Gladiator on Nov 5, 2014.
             Was a Priest of Qazlal.
             Mangled by a blue devil (12 damage)
             ... in an ice cave.
             The game lasted 00:48:38 (13812 turns).

shklvsk the Cleaver (Demonspawn Gladiator)         Turns: 13812, Time: 00:48:39

Health: -8/84      AC: 24    Str: 19    XL:     11   Next: 39%
Magic:  21/22      EV:  6    Int:  9    God:    Qazlal [***...]
Gold:   549        SH:  8    Dex: 16    Spells: 0 memorised, 10 levels left

rFire  . . .     SeeInvis .     a - +1 war axe
rCold  + . .     Clarity  .     o - +2 plate armour {rN+}
rNeg   + . .     SustAb   .     (no shield)
rPois  .         Gourm    .     c - +0 helmet
rElec  .         Spirit   .     j - +0 cloak
rCorr  .         Warding  .     (gloves unavailable)
rMut   .         Stasis   .     e - +0 pair of boots
MR     .....                    (no amulet)
Stlth  ..........               O - +2 ring of dexterity
                                n - ring of protection from cold

@: not resistant to hostile enchantments, extremely unstealthy
A: claws 3, large bone plates 3, mutation resistance 1, powered by death 2
a: Upheaval, Elemental Force, Renounce Religion


You were in an ice cave.
You worshipped Qazlal.
Qazlal was most pleased with you.
You were hungry.

You visited 2 branches of the dungeon, and saw 12 of its levels.
You also visited: Ossuary and Ice Cave.

You collected 564 gold pieces.
You spent 15 gold pieces at shops.

Inventory:

Hand weapons
 a - a +1 war axe (weapon)
 s - a cursed -2 trident
Missiles
 d - 3 throwing nets (quivered)
 w - 6 stones
 H - 5 tomahawks of dispersal
Armour
 c - a +0 helmet (worn)
 e - a +0 pair of boots (worn)
 j - a +0 cloak (worn)
 o - a +2 plate armour of positive energy (worn)
 V - the cursed +1 leather armour of Insatiable Hunger {+Inv rCorr Dex+2, unknown}
   (You found it on level 11 of the Dungeon)

   It affects your dexterity (+2).
   It lets you turn invisible.
   It protects you from acid and corrosion.
   It has a curse placed upon it.
Jewellery
 g - an uncursed ring of ice
 n - a ring of protection from cold (left claw)
 O - a +2 ring of dexterity (right claw)
Magical devices
 x - a wand of digging (0)
 y - a wand of heal wounds (4)
 J - a wand of fireball (4)
 M - a wand of polymorph (7)
 P - a wand of paralysis (9)
 Q - a wand of fire (5)
 R - a wand of random effects (18)
 S - a wand of lightning (5)
 T - a wand of confusion (12)
Scrolls
 b - 5 scrolls of teleportation
 h - 2 scrolls of identify
 i - a scroll of immolation
 l - 3 scrolls of amnesia
 m - 3 scrolls of enchant weapon
 D - 2 scrolls of recharging
 G - 3 scrolls of enchant armour
 I - 3 scrolls of remove curse
 K - 5 scrolls of fear
Potions
 k - 2 potions of heal wounds
 p - 5 potions of curing
 q - a potion of flight
 t - a potion of cancellation
 v - a potion of berserk rage
 z - a potion of haste
 A - 2 potions of brilliance
 B - a potion of magic
 C - 2 potions of resistance
 L - 2 potions of agility
 U - a potion of cure mutation {unknown}
Books
 E - a book of Beasts

   Spells                             Type                      Level
   Summon Butterflies                 Summoning                    1
   Call Canine Familiar               Summoning                    3
   Summon Ice Beast                   Ice/Summoning                4
   Summon Mana Viper                  Hexes/Summoning              5
   Monstrous Menagerie                Summoning                    6
   Summon Hydra                       Summoning                    7
 F - a book of Fire

   Spells                             Type                      Level
   Ignite Poison                      Fire/Transmutation           5
   Fireball                           Conjuration/Fire             5
   Bolt of Fire                       Conjuration/Fire             6
   Delayed Fireball                   Conjuration/Fire             7
   Ring of Flames                     Charms/Fire                  7
Comestibles
 f - 3 bread rations
 r - 23 fruits
 u - 3 slices of pizza


   Skills:
 + Level 7.1 Fighting
 * Level 11.2 Axes
 - Level 1.8 Throwing
 * Level 8.8 Armour
 - Level 2.6 Dodging
 * Level 7.5 Invocations
 * Level 3.4 Evocations


You had 10 spell levels left.
You didn't know any spells.

Dungeon Overview and Level Annotations

Branches:
Dungeon (11/15)            Temple (1/1) D:6            Lair (0/8) D:10
    Orc: D:9-12

Altars:
Ashenzari
Cheibriados
Dithmenos
Elyvilon
Fedhas
Gozag
Kikubaaqudgha
Makhleb
Nemelex Xobeh
Okawaru
Qazlal
Ru
Sif Muna
Trog
Vehumet
Xom
Yredelemnul
Zin
The Shining One

Shops:
D:7 *   D:8 }   D:10 !


Innate Abilities, Weirdness & Mutations

You have claws for hands.
You are completely covered in large bone plates (AC +4, SH +4).
You can steal the life force of defeated enemies.
You are somewhat resistant to further mutation.


Message History

You hit the blue devil but do no damage.
The blue devil is almost dead.
You barely miss the blue devil.
The blue devil is lightly wounded.
The blue devil barely misses you. You block the blue devil's attack.
The ice devil hits you.
* * * LOW HITPOINT WARNING * * *
The ice devil freezes you! You resist.
* * * LOW HITPOINT WARNING * * *
You hit the ice devil.
You kill the ice devil!
Qazlal accepts your kill.
You hit the blue devil but do no damage.
The blue devil is lightly wounded.
You closely miss the blue devil.
The blue devil is almost dead.
The blue devil hits you!
* * * LOW HITPOINT WARNING * * *
The blue devil hits you!
You die...

#####
##...##
##.....##
#...∩...#
#..4∩...#
##@....##
##4..##
#...#
...##
...#
##...
...# ....
.


You could see 2 blue devils.

Vanquished Creatures
  An ice devil (IceCv)
  2 hill giants
  Pikel (D:7)
  A necromancer (D:9)
  2 ugly things (D:11)
  Joseph (D:8)
  The ghost of Herrn the Skirmisher, an experienced GrFi of Okawaru (D:4)
  A hydra zombie (D:9)
  A blue devil (IceCv)
  Eustachio (D:7)
  A hungry ghost (D:10)
  A mottled dragon (D:11)
  A hill giant skeleton (D:8)
  Menkaure (D:6)
  A hippogriff (D:7)
  A water moccasin (D:8)
  2 black bears
  An orc warrior (D:6)
  3 ogres
  2 phantoms
  12 ice beasts
  3 centaurs
  A necrophage (D:9)
  An elf zombie (D:6)
  2 big kobolds
  5 giant frogs
  2 elf skeletons (D:6)
  A gnoll sergeant (D:9)
  5 water moccasin zombies (Ossuary)
  6 scorpions
  6 wights
  A yak zombie (D:9)
  A jelly (D:9)
  A yak skeleton (D:10)
  10 killer bees
  6 hounds
  2 crimson imps
  A goliath beetle (D:6)
  2 giant frog skeletons
  5 orc priests
  3 iguanas
  A human zombie (D:6)
  5 orc wizards
  Natasha (thrice) (D:3)
  2 polar bear simulacra (D:9)
  7 worker ants
  A yak simulacrum (D:9)
  2 wolf simulacra (D:9)
  3 big kobold zombies (Ossuary)
  2 ogre skeletons
  2 mummies (Ossuary)
  A worker ant zombie (D:6)
  13 adders
  20 gnolls
  A green rat (D:6)
  A shadow imp (D:6)
  6 giant mites
  A white imp (D:7)
  2 worms
  2 adder zombies (Ossuary)
  An iguana zombie (D:8)
  3 orc skeletons
  5 giant geckos
  3 oozes
  23 orcs
  11 bats
  A bat skeleton (D:7)
  8 giant cockroaches
  21 hobgoblins
  10 jackals
  22 kobolds
  9 giant newts
  A giant spore (D:8)
  A gnoll zombie (Ossuary)
  10 goblins
  6 green rat simulacra (D:9)
  10 hobgoblin zombies
  A jackal skeleton (D:5)
  2 kobold zombies (Ossuary)
  4 orc zombies
  5 quokkas
  10 rats
  11 ballistomycetes
  A plant (D:9)
356 creatures vanquished.

Vanquished Creatures (others)
  A bat (D:10)
  4 giant spores
  A quokka skeleton (D:6)
6 creatures vanquished.

Grand Total: 362 creatures vanquished

Notes
Turn   | Place    | Note
--------------------------------------------------------------
     0 | D:1      | shklvsk, the Demonspawn Gladiator, began the quest for the Orb.
     0 | D:1      | Reached XP level 1. HP: 16/16 MP: 1/1
   247 | D:1      | Gained mutation: You are partially covered in large bone plates (AC +2, SH +2). [demonic ancestry]
   247 | D:1      | Reached XP level 2. HP: 22/22 MP: 2/2
   487 | D:1      | Reached skill level 3 in Axes
  1016 | D:2      | Gained mutation: You have sharp fingernails. [demonic ancestry]
  1016 | D:2      | Reached XP level 3. HP: 26/28 MP: 3/3
  1165 | D:2      | Reached skill level 1 in Armour
  1345 | D:2      | Found an iron altar of Okawaru.
  1463 | D:2      | Found a sparkling altar of Nemelex Xobeh.
  1476 | D:2      | Gained mutation: You have very sharp fingernails. [demonic ancestry]
  1476 | D:2      | Reached XP level 4. HP: 30/34 MP: 4/4
  2213 | D:3      | Noticed Natasha
  2231 | D:3      | Killed Natasha
  2231 | D:3      | Reached skill level 4 in Axes
  2231 | D:3      | Gained mutation: You are mostly covered in large bone plates (AC +3, SH +3). [demonic ancestry]
  2231 | D:3      | Reached XP level 5. HP: 36/41 MP: 5/5
  2303 | D:3      | Noticed Natasha
  2313 | D:3      | Killed Natasha
  2322 | D:3      | Noticed Natasha
  2326 | D:3      | Killed Natasha
  2819 | D:3      | Found a sacrificial altar of Ru.
  3256 | D:4      | Noticed Herrn's ghost (experienced GrFi)
  3333 | D:3      | Gained mutation: You have claws for hands. [demonic ancestry]
  3333 | D:3      | Reached XP level 6. HP: 47/47 MP: 6/6
  3838 | D:5      | Entered Level 5 of the Dungeon
  4128 | D:5      | Reached skill level 5 in Axes
  4444 | D:5      | Found a stormy altar of Qazlal.
  4445 | D:5      | Found an ancient bone altar of Kikubaaqudgha.
  4446 | D:5      | Found a radiant altar of Vehumet.
  4449 | D:5      | Found a sacrificial altar of Ru.
  4449 | D:5      | Found a glowing golden altar of the Shining One.
  4458 | D:5      | Became a worshipper of Qazlal Stormbringer
  4623 | D:5      | Reached XP level 7. HP: 20/53 MP: 7/7
  5013 | D:5      | Reached skill level 1 in Invocations
  6054 | D:6      | Reached skill level 6 in Axes
  6084 | D:6      | Reached skill level 5 in Armour
  6084 | D:6      | Reached XP level 8. HP: 48/61 MP: 10/10
  6182 | D:6      | Found a staircase to the Ecumenical Temple.
  6199 | D:6      | Noticed Menkaure
  6202 | D:6      | Gained mutation: You are somewhat resistant to further mutation. [potion of beneficial mutation]
  6209 | D:6      | Killed Menkaure
  6374 | D:6      | Found a sand-covered staircase.
  6381 | D:6      | Reached skill level 7 in Axes
  6385 | Ossuary  | Entered an ossuary
  6429 | Ossuary  | Acquired Qazlal's first power
  6783 | D:6      | Gained mutation: You can steal the life force of nearby defeated enemies. [demonic ancestry]
  6783 | D:6      | Reached XP level 9. HP: 57/67 MP: 14/14
  6789 | D:6      | Acquired Qazlal's second power
  6789 | D:6      | Reached skill level 5 in Fighting
  6834 | D:6      | Reached skill level 8 in Axes
  8033 | D:7      | Noticed Pikel
  8038 | D:7      | Killed Pikel
  8038 | D:7      | Reached skill level 9 in Axes
  8187 | D:7      | Noticed Eustachio
  8228 | D:7      | Killed Eustachio
  8228 | D:7      | Reached skill level 5 in Invocations
  8370 | D:7      | Found Ykhuem's General Store.
  8885 | D:8      | Noticed Joseph
  8903 | D:8      | Killed Joseph
  8903 | D:8      | Gained mutation: You can steal the life force of defeated enemies. [demonic ancestry]
  8903 | D:8      | Reached XP level 10. HP: 74/76 MP: 11/18
  9264 | D:8      | Found Plunyuny's Gadget Shop.
  9940 | D:9      | Noticed a necromancer
  9962 | D:9      | Killed a necromancer
  9962 | D:9      | Reached skill level 1 in Evocations
 10753 | D:7      | Reached skill level 10 in Axes
 11136 | D:4      | Killed Herrn's ghost
 11136 | D:4      | Acquired Qazlal's third power
 11797 | Temple   | Entered the Ecumenical Temple
 12399 | D:10     | Entered Level 10 of the Dungeon
 12670 | D:10     | Noticed a hill giant
 12674 | D:10     | Killed a hill giant
 12913 | D:10     | Found a staircase to the Lair.
 12945 | D:10     | Found Maoh's Distillery.
 13197 | D:10     | Bought a potion of confusion for 15 gold pieces
 13438 | D:11     | Got a smoking leather armour
 13449 | D:11     | Gained mutation: You are completely covered in large bone plates (AC +4, SH +4). [demonic ancestry]
 13449 | D:11     | Reached XP level 11. HP: 74/83 MP: 20/22
 13458 | D:11     | Found a frozen archway.
 13490 | D:11     | Noticed a purple ugly thing
 13496 | D:11     | Noticed a green ugly thing
 13503 | D:11     | Noticed a hill giant
 13509 | D:11     | Killed a green ugly thing
 13513 | D:11     | Killed a hill giant
 13513 | D:11     | Reached skill level 11 in Axes
 13520 | D:11     | Killed a purple ugly thing
 13769 | IceCv    | Entered an ice cave
 13788 | IceCv    | Noticed an ice devil
 13812 | IceCv    | Killed an ice devil
 13812 | IceCv    | HP: 4/84 [blue devil (12)]
 13812 | IceCv    | Mangled by a blue devil

Action                   |  1- 3 |  4- 6 |  7- 9 | 10-12 || total
-------------------------+-------+-------+-------+-------++-------
Melee: War axe           |   147 |   258 |   640 |   585 ||  1630
Invok: Upheaval          |       |       |     9 |     8 ||    17
Evoke: Wand              |       |     4 |     1 |       ||     5
  Use: Scroll            |       |     9 |     9 |     5 ||    23
       Potion            |       |     2 |     1 |     2 ||     5
  Eat: Chunk             |     1 |    10 |     6 |     9 ||    26
       Meat ration       |       |       |     2 |       ||     2
       Bread ration      |       |       |       |     2 ||     2
